 Dungeon Crawl Stone Soup version 0.23.1 (webtiles) character file.

Game seed: 4401443252880384269

3802 nikopol the Spear-Bearer (level 9, -1/79 HPs)
             Began as a Minotaur Berserker on Mar 2, 2019.
             Was an Elder of Trog.
             Succumbed to a redback's poison
             ... on level 9 of the Dungeon.
             The game lasted 00:10:38 (6586 turns).

nikopol the Spear-Bearer (Minotaur Berserker)       Turns: 6586, Time: 00:10:38

Health: -1/79      AC: 10    Str: 25    XL:     9   Next: 96%
Magic:  8/8        EV: 12    Int:  4    God:    Trog [****..]
Gold:   556        SH:  0    Dex: 10    Spells: 8/8 levels left

rFire    . . .     SeeInvis .   a - +0 trident
rCold    . . .     Gourm    .   (no shield)
rNeg     . . .     Faith    .   q - +0 scale mail
rPois    +         Spirit   .   (helmet restricted)
rElec    .         Reflect  .   m - +1 cloak {rPois}
rCorr    .         Harm     .   (no gloves)
MR       .....                  (no boots)
Stlth    ..........             (no amulet)
HPRegen  0.23/turn              (no ring)
MPRegen  0.11/turn              (no ring)

@: lethally poisoned (-1 -> -28), berserk cooldown, slowed, very slow
A: retaliatory headbutt, horns 2
a: Berserk, Trog's Hand, Brothers in Arms, Renounce Religion


You were on level 9 of the Dungeon.
You worshipped Trog.
Trog was greatly pleased with you.
You were not hungry.

You visited 1 branch of the dungeon, and saw 9 of its levels.

You collected 556 gold pieces.

Inventory:

Hand Weapons
 a - a +0 trident (weapon)
 w - a +0 spear
 z - a +1 shortbow of freezing
 I - a +0 shortbow
Missiles
 h - 132 arrows
Armour
 b - a +0 animal skin
 m - a +1 cloak of poison resistance (worn)
 o - a +0 ring mail
 q - a +0 scale mail (worn)
Jewellery
 s - a +5 ring of intelligence {unknown}
 B - an uncursed amulet of harm {unknown}
Wands
 r - a wand of enslavement (7)
 v - a wand of iceblast (16)
 x - a wand of random effects (4)
 y - a wand of polymorph (11)
 E - a wand of flame (47)
Scrolls
 d - 7 scrolls of remove curse
 e - 3 scrolls of amnesia {unknown}
 i - 3 scrolls of magic mapping {unknown}
 j - 4 scrolls of fog {unknown}
 k - 2 scrolls of blinking {unknown}
 p - 9 scrolls of identify
 t - 2 scrolls of random uselessness {unknown}
 u - 2 scrolls of enchant weapon {unknown}
 A - a scroll of fear {unknown}
 C - a scroll of noise {unknown}
 D - 4 scrolls of teleportation {unknown}
Potions
 f - a potion of ambrosia {unknown}
 g - 4 potions of degeneration
 l - a potion of curing {unknown}
 n - 2 potions of brilliance {unknown}
 F - 2 potions of might {unknown}
 G - 4 potions of mutation {unknown}
Comestibles
 c - 15 rations
 H - 3 chunks of flesh


   Skills:
 + Level 7.2 Fighting
 * Level 11.5 Polearms
 * Level 5.3 Bows
 + Level 8.5 Armour
 + Level 4.7 Dodging
 + Level 1.0 Stealth


You had 8 spell levels left.
You didn't know any spells.
Your spell library was empty.

Dungeon Overview and Level Annotations

Branches:
Dungeon (9/15)             Temple (0/1) D:7
   Lair: D:8-11         Orc: D:9-12

Altars:
Dithmenos
Gozag
Makhleb
Nemelex Xobeh
Xom
Yredelemnul
The Shining One

Annotations:
D:9 Gearfox's ghost, journeyman HOBe


Innate Abilities, Weirdness & Mutations

You reflexively headbutt those who attack you in melee.
You have a pair of horns on your head.


Message History

You feel sick.
You are too berserk!
* * * LOW HITPOINT WARNING * * *
You feel sick.
You feel a strong urge to attack something.
* * * LOW HITPOINT WARNING * * *
You feel very sick.
You are no longer berserk.
You are exhausted.
You feel yourself slow down.
* * * LOW HITPOINT WARNING * * *
You feel sick.
There is a transporter here.
You enter the transporter and appear at another place.
* * * LOW HITPOINT WARNING * * *
You feel very sick.
As you read the scroll labeled CEVASTR HEREKELL, it crumbles to dust.
It is a scroll of identify.
g - 4 potions of degeneration You die...

####### #####.....##
##.....###..#
##..#####.##.######
#..##..©...#......>
#.##....#..##......
#######.#..y#...#.#......
#.......##..##.#..#......
#.......@#.#†..#.##.####.
#.......##..W..#!#.....#.
#.......#...#©.[!#©....#.
#.......#.#...#.?#.....#.
#.......##.#.....##....#(
#........#...#.#..#....#.
##.....#.#...#.#..#....'.
#.....#.#....!..##....#.
#....##.###.y.###..####.


There were no monsters in sight!

Vanquished Creatures
  A hippogriff (D:9)
  Sigmund (D:4)
  A redback (D:9)
  Menkaure (D:4)
  2 water moccasins (D:7)
  2 orc warriors
  An ice beast (D:7)
  A black bear (D:9)
  A hornet zombie (D:9)
  A phantom (D:6)
  2 sky beasts
  6 ogres
  3 centaurs
  A bullfrog (D:7)
  A big kobold (D:7)
  4 scorpions
  A water moccasin skeleton (D:4)
  3 killer bees (D:9)
  3 howler monkeys (D:9)
  3 crimson imps
  3 hounds
  2 jellies (D:8)
  An orc priest (D:4)
  2 bullfrog skeletons
  3 orc wizards
  Terence (D:2)
  Jessica (D:2)
  2 iguanas (D:7)
  6 worker ants
  A howler monkey skeleton (D:4)
  9 adders
  A shadow imp (D:6)
  2 adder skeletons
  3 worms
  3 dart slugs
  15 orcs
  2 ball pythons
  6 bats
  7 giant cockroaches
  6 goblins
  6 hobgoblins
  3 jackals (D:5)
  2 quokkas
  4 frilled lizards
  13 kobolds
  A quokka skeleton (D:5)
  9 rats
153 creatures vanquished.

Notes
Turn   | Place    | Note
-------+----------+-------------------------------------------
     0 | D:1      | nikopol the Minotaur Berserker began the quest for the Orb.
     0 | D:1      | Reached XP level 1. HP: 19/19 MP: 0/0
   111 | D:1      | Reached XP level 2. HP: 22/27 MP: 1/1
   235 | D:1      | Reached skill level 4 in Polearms
   618 | D:2      | Reached ** piety under Trog
   621 | D:2      | Reached XP level 3. HP: 33/33 MP: 2/2
   735 | D:2      | Noticed Jessica
   741 | D:2      | Killed Jessica
   741 | D:2      | Reached XP level 4. HP: 31/41 MP: 3/3
   789 | D:2      | Noticed Terence
   803 | D:2      | Killed Terence
   803 | D:2      | Reached skill level 5 in Polearms
  1293 | D:3      | Found a basalt altar of Yredelemnul.
  1508 | D:3      | Reached skill level 5 in Fighting
  1508 | D:3      | Reached XP level 5. HP: 43/48 MP: 4/4
  1833 | D:4      | Noticed an ogre
  1846 | D:4      | Killed an ogre
  1923 | D:4      | Noticed Menkaure
  1936 | D:4      | Killed Menkaure
  1936 | D:4      | Reached skill level 6 in Polearms
  1936 | D:4      | Reached XP level 6. HP: 20/56 MP: 5/5
  2387 | D:4      | Reached XP level 7. HP: 61/61 MP: 6/6
  2409 | D:4      | Reached skill level 7 in Polearms
  2419 | D:4      | Reached *** piety under Trog
  2565 | D:4      | Noticed Sigmund
  2577 | D:4      | Killed Sigmund
  2708 | D:4      | Reached skill level 8 in Polearms
  2799 | D:5      | Entered Level 5 of the Dungeon
  2877 | D:5      | Reached skill level 5 in Armour
  3316 | D:6      | Reached XP level 8. HP: 32/70 MP: 7/7
  3577 | D:6      | Reached skill level 9 in Polearms
  4140 | D:7      | Found a staircase to the Ecumenical Temple.
  4389 | D:7      | Reached skill level 10 in Polearms
  4401 | D:7      | Reached XP level 9. HP: 47/78 MP: 8/8
  4439 | D:7      | Reached **** piety under Trog
  4485 | D:7      | Reached skill level 1 in Stealth
  4754 | D:7      | Reached skill level 1 in Bows
  5218 | D:8      | Found a basalt altar of Yredelemnul.
  5220 | D:8      | Found a shimmering altar of Xom.
  5220 | D:8      | Found a shadowy altar of Dithmenos.
  5222 | D:8      | Found an opulent altar of Gozag.
  5222 | D:8      | Found a blossoming altar of Fedhas.
  5222 | D:8      | Found a burning altar of Makhleb.
  5514 | D:8      | Reached skill level 11 in Polearms
  5670 | D:8      | Found a shimmering altar of Xom.
  5671 | D:8      | Found a sparkling altar of Nemelex Xobeh.
  5700 | D:8      | Found a burning altar of Makhleb.
  5702 | D:8      | Found a glowing golden altar of the Shining One.
  5982 | D:9      | Found a sparkling altar of Nemelex Xobeh.
  6233 | D:9      | Found a transporter.
  6276 | D:9      | Noticed Gearfox's ghost (journeyman HOBe)
  6277 | D:9      | Noticed a moth of wrath
  6286 | D:9      | Found a transporter.
  6575 | D:9      | Reached skill level 5 in Bows
  6585 | D:9      | HP: 3/79 [poisoned by a redback]
  6586 | D:9      | Succumbed to a redback's poison

Skill      XL: |  1  2  3  4  5  6  7  8  9 |
---------------+----------------------------+-----
Fighting       | 4 5 6 7 |  7.2
Polearms       | 4 5 6 8 10 11 | 11.5
Armour         | 4 5 7 8 |  8.5
Dodging        | 3 4 |  4.7
Stealth        | 1 |  1.0
Bows           | 5 |  5.3

Action                   |  1- 3 |  4- 6 |  7- 9 || total
-------------------------+-------+-------+-------++-------
Melee: Spear             |    68 |   140 |    56 ||   264
       Headbutt          |    10 |    21 |    63 ||    94
       Trident           |       |       |   289 ||   289
 Fire: Shortbow          |       |       |    31 ||    31
Invok: Berserk           |       |     1 |     2 ||     3
  Use: Scroll            |       |     1 |     1 ||     2
 Stab: Sleeping          |     1 |       |       ||     1
  Eat: Chunk             |       |     3 |    11 ||    14
       Ration            |       |     1 |     1 ||     2
Armor: Animal skin       |     2 |       |       ||     2
       Ring mail         |     5 |     6 |       ||    11
       Scale mail        |       |    17 |    94 ||   111
Dodge: Dodged            |    17 |    59 |   134 ||   210
